 Dungeon Crawl Stone Soup version 0.31.0-9-g3a7656b989 (webtiles) character file.

Game seed: 6793314347692121617

51 qw the Shooter (level 3, -4/18 HPs)
             Began as a Spriggan Hunter on Feb 3, 2024.
             Killed by divine providence
             ... invoked by an orc priest
              (10 damage)
             ... on level 3 of the Dungeon.
             The game lasted 00:00:04 (1375 turns).

qw the Shooter (Spriggan Hunter)                    Turns: 1375, Time: 00:00:05

Health: -4/18      AC:  2    Str:  7    XL:     3   Next: 58%
Magic:  4/4        EV: 19    Int: 10    God:
Gold:   131        SH:  0    Dex: 20    Spells: 2/2 levels left

rFire   . . .        a - +0 shortbow
rCold   . . .        (shield currently unavailable)
rNeg    . . .        c - +0 robe
rPois   .            (helmet restricted)
rElec   .            (no cloak)
rCorr   .            (gloves unavailable)
SInv    +            (boots unavailable)
Will    .....        (no amulet)
Stlth   ++           (no ring)
HPRegen 0.23/turn    (no ring)
MPRegen 0.09/turn

%: no passive effects
@: very quick
A: very small, no large weapons, unfitting armour, see invisible, speed 3
a: no special abilities


You were on level 3 of the Dungeon.
You visited 1 branch of the dungeon, and saw 3 of its levels.

You collected 131 gold pieces.


Innate Abilities, Weirdness & Mutations

You are very small and have problems with some larger weapons.
You are too small for most types of armour.
You have supernaturally acute eyesight. (SInv)
You cover ground extremely quickly. (Speed+++)


   Skills:
 - Level 1.5 Fighting
 + Level 4.8 Ranged Weapons
 - Level 4.0 Dodging
 - Level 1.5 Stealth


You had 2 spell levels left.
You didn't know any spells.
Your spell library was empty.

Inventory:

Hand Weapons
 a - a +0 shortbow (weapon)
Armour
 c - a +0 robe (worn)
Wands
 f - a wand of iceblast (8)
Potions
 b - a potion of curing
 d - 2 potions of mutation {unknown}
 e - a potion of enlightenment
 g - a potion of magic {unknown}

Dungeon Overview and Level Annotations

Branches:
Dungeon (3/15)

Altars:
Gozag


Message History

You shoot an arrow.
The arrow hits the endoplasm but does no damage.
The endoplasm quivers.
You shoot an arrow. The arrow hits the endoplasm.
The endoplasm is severely wounded.
You shoot an arrow. The arrow hits the endoplasm!
You kill the endoplasm!
Found a robe.
Found a flail.
d - 2 sapphire potions (gained 1)
You now have 122 gold pieces (gained 10).
Found a stone staircase leading down.
You now have 131 gold pieces (gained 9).
Found a stone staircase leading up.
Enter note:
Enter note:
There is a stone staircase leading up here.
An orc priest comes into view. It is wielding a +0 mace.
You shoot an arrow.
The arrow hits the orc priest but does no damage.
The orc priest shouts!
You shoot an arrow. The arrow barely misses the orc priest.
You shoot an arrow. The arrow hits the orc priest.
The orc priest is lightly wounded.
The orc priest invokes the aid of Beogh against you.
Pain shoots through your body!
Ouch! That really hurt!
An orc comes into view. It is wielding a +0 flail.
You shoot an arrow. The orc shouts!
The arrow hits the orc priest.
The orc priest is lightly wounded.
You hear a shout!
You shoot an arrow. The arrow barely misses the orc priest.
The arrow hits the orc!
You kill the orc!
The orc priest calls down the wrath of Beogh upon you.
Beogh smites you!
Ouch! That really hurt!
You die...

#..............................
#............#####........#####
#>...........####......<..#
#.................#........#
#.....)......#######.....#..#
#............# #.......#.$.
####.........# #.......####
#.....###.#.#######...
#.............@...o.).
#.....#####..#####.##.
############..##....##
#.....................
#..###########...##### ##.####
#.### #....## ###.#
####..#####...# ##....<..###


You could see an orc priest.

Vanquished Creatures
  An adder (D:2)
  A dart slug (D:2)
  An orc (D:3)
  A ball python (D:2)
  3 bats
  4 endoplasms
  A giant cockroach (D:1)
  4 goblins
  6 hobgoblins
  2 jackals (D:1)
  A kobold (D:3)
  3 quokkas (D:2)
  2 frilled lizards
  6 rats
36 creatures vanquished.

Notes
Turn   | Place    | Note
-------+----------+-------------------------------------------
     0 | D:1      | qw the Spriggan Hunter began the quest for the Orb.
     0 | D:1      | Reached XP level 1. HP: 10/10 MP: 2/2
     0 | D:1      | 0 ||| qw: Version: 0.3-a-155-g5e7d8dd
     0 | D:1      | 0 ||| qw: Game counter: 2936
     0 | D:1      | 0 ||| qw: Melee chars always use a shield: true
     0 | D:1      | 0 ||| qw: God list: Okawaru
     0 | D:1      | 0 ||| qw: Allow faded altars: false
     0 | D:1      | 0 ||| qw: Do Orc after clearing Dungeon:15 true
     0 | D:1      | 0 ||| qw: Do second Lair branch before Depths: true
     0 | D:1      | 0 ||| qw: Lair rune preference: random
     0 | D:1      | 0 ||| qw: Goals: Normal
     0 | D:1      | 0 ||| PLANNING D:1-11
    26 | D:1      | Reached skill level 3 in Dodging
    96 | D:1      | Reached XP level 2. HP: 14/14 MP: 3/3
   421 | D:1      | 421 ||| DROPPING ring of magical power.
   422 | D:1      | 422 ||| READING scroll labelled YWAUMUN VAYWEF.
   423 | D:1      | 423 ||| DRINKING 2 yellow potions.
   424 | D:1      | 424 ||| DROPPING scroll of butterflies.
   619 | D:2      | Reached XP level 3. HP: 18/18 MP: 4/4
  1171 | D:2      | 1171 ||| READING 2 scrolls labelled NANUIK GOUTEKAO.
  1172 | D:2      | 1172 ||| READING scroll labelled GYEQAS VUDYERPH.
  1172 | D:2      | 1172 ||| IDENTIFYING puce potion
  1173 | D:2      | 1173 ||| DROPPING scroll of amnesia.
  1242 | D:3      | Found an opulent altar of Gozag.
  1375 | D:3      | Killed from afar by an orc priest

Levels and vault maps discovered:
D:1:      scummos_arrival_hexagon, layout_loops_ring, minmay_pentomino_x2
D:2:      layout_loops_cross, grunt_decor_one_mirror
D:3:      layout_rooms, nicolae_gozag_seed_capital

Skill      XL: |  1  2 |
---------------+-------+-----
Dodging        | 3 4 |  4.0
Fighting       | |  1.5
Ranged Weapons | |  4.8
Stealth        | |  1.5

Action                     || total
---------------------------++-------
   Fire: Shortbow          ||   105
    Use: Scroll            ||     3
         Potion            ||     1
 Armour: Robe              ||     5
  Dodge: Dodged            ||    39

Table legend:
 A = Non-vault XP
 B = Vault XP
 C = Vault XP percentage of total XP
 D = Non-vault monster count
 E = Vault monster count
 F = Vault count percentage of total count
                 A         B        C        D         E       F
            +---------+---------+-------+---------+---------+-------
      Total |      77 |       0 |   0.0 |      36 |       0 |   0.0
            +---------+---------+-------+---------+---------+-------
        D:1 |      21 |       0 |   0.0 |      12 |       0 |   0.0
        D:2 |      44 |       0 |   0.0 |      18 |       0 |   0.0
        D:3 |      12 |       0 |   0.0 |       6 |       0 |   0.0
            +---------+---------+-------+---------+---------+-------
